2761 views
Uploaded 2019-12-26 16:43:47
Game version 1.32.0.4
47:12 long 1on1 ladder game on (2)NorthernIsles
Saved by BEARAND
2761 views
Uploaded 2019-12-26 16:43:47
Game version 1.32.0.4
47:12 long 1on1 ladder game on (2)NorthernIsles

34 units @ 3.5k
/ 0.2k
114 buildings @ 5.4k
/ 3k



x1)
| Lesser Clarity Potion | 1 | 70 |
| Potion of Healing | 1 | 150 |
| Scroll of Regeneration | 1 | 100 |
| Staff of Sanctuary | 3 | 750 |
| Orb of Fire | 2 | 650 |
| Boots of Speed | 3 | 750 |
| Staff of Teleportation | 3 | 450 |
| Tome of Retraining | 1 | 300 |
| Pendant of Energy | 2 | 600 |
| Sobi Mask | 1 | 400 |
| Runed Bracers | 1 | 400 |
| total: | 19 | 4620g |
| Peasant | 26 | 1950 | / | 0 |
| Priest | 1 | 135 | / | 10 |
| Dragonhawk Rider | 7 | 1400 | / | 210 |
| total: | 34 | 3485g | / | 220w |
| Scout Tower | 97 | 2910 | / | 1940 |
| Arcane Tower | 6 | 420 | / | 300 |
| Guard Tower | 46 | 3220 | / | 2300 |
| Altar of Kings | 1 | 180 | / | 50 |
| Farm | 6 | 480 | / | 120 |
| Arcane Vault | 3 | 390 | / | 90 |
| Lumber Mill | 1 | 120 | / | 0 |
| Town Hall | 2 | 770 | / | 410 |
| Blacksmith | 1 | 140 | / | 60 |
| Barracks | 1 | 160 | / | 60 |
| Arcane Sanctum | 1 | 150 | / | 140 |
| Gryphon Aviary | 1 | 140 | / | 150 |
| Keep | 1 | 320 | / | 210 |
| Castle | 1 | 360 | / | 210 |
| total: | 114 | 5440g | / | 3020w |
| 0:03 | Peasant |
| 0:04 | Peasant |
| 0:10 | Altar of Kings |
| 0:15 | Peasant |
| 0:20 | Farm |
| 0:22 | Peasant |
| 0:28 | Farm |
| 0:34 | Scout Tower |
| 0:36 | Peasant |
| 0:47 | Peasant |
| 1:05 | Peasant |
| 1:15 | Arcane Vault |
| 1:23 | Lumber Mill |
| 1:29 | Scout Tower |
| 1:30 | Peasant |
| 1:42 | Peasant |
| 1:48 | Arcane Tower |
| 2:02 | Peasant |
| 2:09 | Peasant |
| 2:09 | Peasant |
| 2:13 | Summon Water Elemental |
| 2:40 | Peasant |
| 3:10 | Guard Tower |
| 3:11 | Scout Tower |
| 3:12 | Scout Tower |
| 3:12 | Scout Tower |
| 3:13 | Peasant |
| 3:13 | Peasant |
| 3:46 | Brilliance Aura |
| 3:58 | Guard Tower |
| 4:16 | Keep |
| 4:22 | Scout Tower |
| 4:35 | Scout Tower |
| 4:36 | Scout Tower |
| 4:45 | Farm |
| 4:52 | Guard Tower |
| 4:53 | Lesser Clarity Potion |
| 5:22 | Guard Tower |
| 5:34 | Guard Tower |
| 5:35 | Scout Tower |
| 5:36 | Scout Tower |
| 6:03 | Boots of Speed |
| 6:03 | Staff of Teleportation |
| 6:48 | Scout Tower |
| 6:49 | Scout Tower |
| 6:49 | Scout Tower |
| 6:49 | Scout Tower |
| 6:50 | Scout Tower |
| 6:51 | Scout Tower |
| 6:56 | Guard Tower |
| 7:05 | Peasant |
| 7:05 | Peasant |
| 7:08 | Potion of Healing |
| 7:16 | Guard Tower |
| 7:17 | Scout Tower |
| 7:18 | Guard Tower |
| 7:24 | Farm |
| 7:25 | Guard Tower |
| 7:29 | Scout Tower |
| 7:31 | Scout Tower |
| 7:40 | Scout Tower |
| 7:59 | Arcane Tower |
| 8:00 | Guard Tower |
| 8:00 | Guard Tower |
| 8:13 | Arcane Sanctum |
| 8:28 | Storm Bolt |
| 8:45 | Town Hall |
| 8:47 | Scout Tower |
| 8:58 | Summon Water Elemental |
| 9:23 | Castle |
| 9:34 | Scroll of Regeneration |
| 9:43 | Guard Tower |
| 10:17 | Pendant of Energy |
| 10:34 | Bash |
| 10:37 | Farm |
| 10:37 | Farm |
| 10:57 | Arcane Vault |
| 10:58 | Scout Tower |
| 10:59 | Scout Tower |
| 10:59 | Scout Tower |
| 11:00 | Scout Tower |
| 11:03 | Scout Tower |
| 11:03 | Scout Tower |
| 11:04 | Scout Tower |
| 11:05 | Improved Masonry |
| 11:05 | Improved Lumber Harvesting |
| 11:06 | Magic Sentry |
| 11:06 | Priest |
| 11:26 | Boots of Speed |
| 11:26 | Staff of Teleportation |
| 11:38 | Guard Tower |
| 12:05 | Staff of Sanctuary |
| 12:06 | Orb of Fire |
| 12:17 | Guard Tower |
| 12:20 | Scout Tower |
| 12:21 | Scout Tower |
| 12:21 | Scout Tower |
| 12:22 | Scout Tower |
| 12:25 | Gryphon Aviary |
| 12:44 | Holy Light |
| 13:07 | Guard Tower |
| 13:07 | Guard Tower |
| 13:14 | Guard Tower |
| 13:19 | Advanced Masonry |
| 13:20 | Guard Tower |
| 13:22 | Peasant |
| 13:22 | Peasant |
| 13:27 | Peasant |
| 13:27 | Peasant |
| 13:52 | Orb of Fire |
| 13:52 | Staff of Sanctuary |
| 14:07 | Staff of Sanctuary |
| 14:09 | Guard Tower |
| 14:10 | Scout Tower |
| 14:11 | Scout Tower |
| 14:12 | Scout Tower |
| 14:14 | Staff of Teleportation |
| 14:15 | Boots of Speed |
| 14:38 | Guard Tower |
| 14:40 | Scout Tower |
| 14:40 | Scout Tower |
| 14:41 | Scout Tower |
| 14:46 | Imbued Masonry |
| 14:47 | Guard Tower |
| 14:48 | Scout Tower |
| 14:49 | Scout Tower |
| 14:49 | Scout Tower |
| 14:50 | Scout Tower |
| 14:50 | Scout Tower |
| 14:51 | Scout Tower |
| 15:33 | Arcane Tower |
| 15:36 | Scout Tower |
| 15:38 | Scout Tower |
| 15:38 | Scout Tower |
| 15:39 | Dragonhawk Rider |
| 15:42 | Dragonhawk Rider |
| 15:42 | Dragonhawk Rider |
| 15:46 | Blacksmith |
| 15:48 | Barracks |
| 16:27 | Guard Tower |
| 16:35 | Guard Tower |
| 16:35 | Guard Tower |
| 16:40 | Tome of Retraining |
| 16:40 | Retrain Hero |
| 16:42 | Blizzard |
| 16:42 | Brilliance Aura |
| 16:42 | Blizzard |
| 16:46 | Guard Tower |
| 16:48 | Dragonhawk Rider |
| 17:10 | Guard Tower |
| 17:37 | Guard Tower |
| 17:39 | Scout Tower |
| 17:56 | Arcane Vault |
| 18:03 | Scout Tower |
| 18:04 | Scout Tower |
| 18:13 | Animal War Training |
| 18:27 | Scout Tower |
| 18:30 | Guard Tower |
| 18:54 | Scout Tower |
| 18:55 | Scout Tower |
| 18:56 | Scout Tower |
| 19:02 | Studded Leather Armor |
| 19:21 | Brilliance Aura |
| 19:23 | Guard Tower |
| 19:32 | Guard Tower |
| 19:35 | Scout Tower |
| 19:35 | Scout Tower |
| 19:41 | Cloud |
| 19:48 | Guard Tower |
| 20:00 | Scout Tower |
| 20:01 | Scout Tower |
| 20:02 | Scout Tower |
| 20:04 | Reinforced Leather Armor |
| 20:10 | Scout Tower |
| 20:11 | Scout Tower |
| 20:11 | Scout Tower |
| 20:12 | Scout Tower |
| 20:13 | Guard Tower |
| 20:16 | Advanced Lumber Harvesting |
| 20:49 | Guard Tower |
| 20:51 | Scout Tower |
| 20:51 | Scout Tower |
| 20:52 | Scout Tower |
| 20:53 | Scout Tower |
| 21:00 | Arcane Tower |
| 21:35 | Scout Tower |
| 21:36 | Scout Tower |
| 21:36 | Scout Tower |
| 21:37 | Scout Tower |
| 21:38 | Scout Tower |
| 21:39 | Scout Tower |
| 21:39 | Scout Tower |
| 21:40 | Scout Tower |
| 21:41 | Scout Tower |
| 21:41 | Scout Tower |
| 21:42 | Scout Tower |
| 21:42 | Scout Tower |
| 21:43 | Scout Tower |
| 21:43 | Scout Tower |
| 21:44 | Scout Tower |
| 21:44 | Scout Tower |
| 21:45 | Scout Tower |
| 21:53 | Peasant |
| 21:53 | Peasant |
| 23:25 | Storm Bolt |
| 23:29 | Peasant |
| 23:29 | Peasant |
| 23:29 | Peasant |
| 23:59 | Scout Tower |
| 24:05 | Arcane Tower |
| 24:07 | Guard Tower |
| 24:11 | Guard Tower |
| 24:33 | Guard Tower |
| 24:35 | Guard Tower |
| 25:13 | Guard Tower |
| 26:36 | Divine Shield |
| 27:18 | Dragonhawk Rider |
| 27:19 | Dragonhawk Rider |
| 27:27 | Scout Tower |
| 27:27 | Scout Tower |
| 27:27 | Scout Tower |
| 27:28 | Scout Tower |
| 27:28 | Scout Tower |
| 27:29 | Scout Tower |
| 27:29 | Scout Tower |
| 27:29 | Scout Tower |
| 27:34 | Scout Tower |
| 27:34 | Scout Tower |
| 28:07 | Guard Tower |
| 28:10 | Scout Tower |
| 28:11 | Scout Tower |
| 28:39 | Sobi Mask |
| 28:45 | Guard Tower |
| 29:27 | Dragonhawk Rider |
| 30:21 | Guard Tower |
| 32:47 | Guard Tower |
| 33:20 | Arcane Tower |
| 35:53 | Holy Light |
| 35:54 | Bash |
| 36:13 | Brilliance Aura |
| 39:47 | Divine Shield |
| 45:37 | Town Hall |
| 46:20 | Pendant of Energy |
| 46:23 | Runed Bracers |
| 46:58 | Storm Bolt |
| 46:59 | Holy Light |
| Right click | 4347 |
| Select | 1510 |
| Select group | 977 |
| Build/train/purchase | 299 |
| Use ability | 234 |
| Assign group | 51 |
| Misc. action | 46 |
| Item give/drop | 9 |
| Chat | 4 |
| Remove unit | 1 |
71 units @ 12.9k
/ 2.6k
22 buildings @ 3.6k
/ 1.4k


| Rod of Necromancy | 2 | 300 |
| Potion of Healing | 2 | 300 |
| Orb of Corruption | 1 | 375 |
| Scroll of Town Portal | 1 | 350 |
| total: | 6 | 1325g |
| Acolyte | 29 | 2175 | / | 0 |
| Ghoul | 3 | 360 | / | 0 |
| Crypt Fiend | 7 | 1505 | / | 280 |
| Obsidian Statue | 2 | 400 | / | 70 |
| Meat Wagon | 18 | 4140 | / | 900 |
| Frost Wyrm | 10 | 3850 | / | 1200 |
| Abomination | 2 | 480 | / | 140 |
| total: | 71 | 12910g | / | 2590w |
| Graveyard | 1 | 215 | / | 0 |
| Altar of Darkness | 1 | 180 | / | 50 |
| Crypt | 1 | 200 | / | 50 |
| Ziggurat | 10 | 1500 | / | 500 |
| Tomb of Relics | 1 | 130 | / | 30 |
| Necropolis | 3 | 675 | / | 0 |
| Slaughterhouse | 3 | 420 | / | 405 |
| Sacrificial Pit | 1 | 75 | / | 150 |
| Boneyard | 1 | 175 | / | 200 |
| Halls of the Dead | 1 | 320 | / | 210 |
| Black Citadel | 1 | 325 | / | 230 |
| total: | 22 | 3570g | / | 1385w |
| 0:07 | Graveyard |
| 0:08 | Acolyte |
| 0:16 | Altar of Darkness |
| 0:25 | Acolyte |
| 0:48 | Crypt |
| 1:02 | Ziggurat |
| 1:25 | Tomb of Relics |
| 1:53 | Ghoul |
| 1:58 | Ziggurat |
| 2:14 | Crypt Fiend |
| 2:52 | Crypt Fiend |
| 2:54 | Death Coil |
| 3:10 | Rod of Necromancy |
| 3:23 | Crypt Fiend |
| 3:53 | Halls of the Dead |
| 4:34 | Ghoul |
| 4:34 | Ghoul |
| 4:37 | Ziggurat |
| 6:09 | Rod of Necromancy |
| 6:16 | Potion of Healing |
| 6:32 | Slaughterhouse |
| 6:35 | Black Citadel |
| 6:36 | Burrow |
| 6:51 | Unholy Aura |
| 7:04 | Ziggurat |
| 7:44 | Frost Nova |
| 7:50 | Obsidian Statue |
| 8:09 | Web |
| 8:27 | Sacrificial Pit |
| 8:28 | Obsidian Statue |
| 8:46 | Death Coil |
| 9:12 | Acolyte |
| 9:20 | Orb of Corruption |
| 9:21 | Potion of Healing |
| 9:23 | Scroll of Town Portal |
| 9:45 | Boneyard |
| 10:31 | Meat Wagon |
| 10:43 | Ziggurat |
| 10:44 | Acolyte |
| 10:53 | Frost Armor |
| 11:37 | Necropolis |
| 11:39 | Meat Wagon |
| 11:48 | Frost Wyrm |
| 12:34 | Meat Wagon |
| 13:15 | Acolyte |
| 13:15 | Acolyte |
| 13:39 | Frost Nova |
| 13:45 | Unholy Aura |
| 13:56 | Acolyte |
| 13:56 | Acolyte |
| 13:56 | Acolyte |
| 13:58 | Frost Wyrm |
| 14:16 | Ziggurat |
| 14:20 | Creature Attack |
| 15:23 | Ziggurat |
| 15:23 | Improved Creature Attack |
| 16:00 | Necropolis |
| 16:02 | Frost Wyrm |
| 16:29 | Crypt Fiend |
| 17:44 | Meat Wagon |
| 17:46 | Frost Wyrm |
| 17:48 | Frost Armor |
| 19:27 | Acolyte |
| 19:27 | Acolyte |
| 19:27 | Acolyte |
| 19:45 | Slaughterhouse |
| 19:48 | Meat Wagon |
| 19:49 | Unholy Strength |
| 19:58 | Acolyte |
| 19:58 | Acolyte |
| 20:27 | Meat Wagon |
| 20:50 | Meat Wagon |
| 20:53 | Improved Unholy Strength |
| 21:11 | Meat Wagon |
| 21:23 | Crypt Fiend |
| 21:36 | Meat Wagon |
| 22:57 | Meat Wagon |
| 23:39 | Meat Wagon |
| 24:02 | Slaughterhouse |
| 24:05 | Advanced Unholy Strength |
| 24:22 | Meat Wagon |
| 26:05 | Death Coil |
| 27:07 | Meat Wagon |
| 27:16 | Frost Wyrm |
| 27:16 | Frost Wyrm |
| 27:20 | Crypt Fiend |
| 27:20 | Crypt Fiend |
| 27:22 | Unholy Armor |
| 28:15 | Necropolis |
| 30:13 | Acolyte |
| 30:13 | Acolyte |
| 30:13 | Acolyte |
| 30:19 | Meat Wagon |
| 30:21 | Frost Wyrm |
| 30:22 | Frost Wyrm |
| 30:25 | Improved Unholy Armor |
| 32:21 | Frost Nova |
| 32:58 | Acolyte |
| 32:58 | Acolyte |
| 33:05 | Meat Wagon |
| 33:45 | Meat Wagon |
| 34:17 | Frost Wyrm |
| 35:12 | Acolyte |
| 35:12 | Acolyte |
| 35:12 | Acolyte |
| 36:07 | Acolyte |
| 36:07 | Acolyte |
| 36:53 | Frost Wyrm |
| 36:57 | Abomination |
| 37:00 | Abomination |
| 37:58 | Acolyte |
| 37:58 | Acolyte |
| 38:18 | Meat Wagon |
| 38:23 | Meat Wagon |
| 39:27 | Acolyte |
| 39:27 | Acolyte |
| 40:07 | Ziggurat |
| 40:08 | Ziggurat |
| 40:10 | Ziggurat |
| 43:19 | Animate Dead |
| 44:32 | Acolyte |
| Right click | 3206 |
| Select | 749 |
| Assign group | 548 |
| Select group | 407 |
| Build/train/purchase | 157 |
| Use ability | 72 |
| Misc. action | 36 |
| Minimap ping | 11 |
| Item give/drop | 5 |
โ